 Dungeon Crawl Stone Soup version 0.29-a0-2-g12fcac58f8 (webtiles) character file.

Game seed: 2767299864158087091

1614900 antidepressant22 the Conqueror (level 25, 224/224 (231) HPs)
             Began as a Minotaur Berserker on Jan 25, 2022.
             Was the Champion of Trog.
             Escaped with the Orb
             ... and 3 runes on Jan 26, 2022!
             The game lasted 03:49:01 (71418 turns).

antidepressant22 the Conqueror (MiBe)              Turns: 71418, Time: 03:49:02

HP:   224/224 (231) AC: 40    Str: 38      XL:     25   Next: 53%
MP:   31/31         EV: 11    Int:  7 (9)  God:    Trog [******]
Gold: 3581          SH: 22    Dex: 14      Spells: 24/24 levels left

rFire   . . .      SeeInvis +   a - +8 broad axe of Isusiukk {freeze, rPois Str+4}
rCold   + . .      Faith    .   K - +5 kite shield {rN+}
rNeg    + + .      Spirit   .   x - +5 plate armour of Odghupli {Fly rN+}
rPois   +          Reflect  .   (helmet unavailable)
rElec   +          Harm     +   f - +3 cloak of Kasa {rElec rPois Dex-2 SInv}
rCorr   .          Rampage  .   g - +2 pair of gloves "Hiplos" {-Cast Harm Regen+ Dex+8}
Will    ++++.      NoCast   +   T - +2 pair of boots {Fly}
Stlth   ..........              F - amulet of Yluvamed {RegenMP Will++ MP+9}
HPRegen 1.27/turn               k - ring of protection from fire
MPRegen 0.62/turn               Q - ring "Eclor" {Ice Will+ Str+2 Int+5 Dex-4}

@: flying, studying Dodging, lightly drained
A: horns 3, retaliatory headbutt, deterioration 1, frail 1, subdued magic 2,
inability to read while threatened
0: Orb of Zot
}: 3/15 runes: barnacled, abyssal, gossamer
a: Renounce Religion, Berserk, Trog's Hand, Brothers in Arms


You escaped.
You worshipped Trog.
Trog was exalted by your worship.
You visited 8 branches of the dungeon, and saw 44 of its levels.
You visited the Abyss 3 times.
You also visited: Gauntlet.

You collected 5789 gold pieces.
You spent 2208 gold pieces at shops.

Inventory:

Hand Weapons
 a - the +8 broad axe of Isusiukk (weapon) {freeze, rPois Str+4}
   (You acquired it on level 11 of the Dungeon)

   It freezes those it strikes, dealing additional cold damage.
   It can also slow down cold-blooded creatures.
   Str:       It affects your strength (+4).
   rPois:     It protects you from poison.
 b - a +9 fustibalus of venom
 p - a +6 broad axe of flaming
Missiles
 l - 2 datura-tipped darts
 q - 7 throwing nets
 z - 8 atropa-tipped darts
 A - 329 sling bullets
 Y - 6 curare-tipped darts (quivered)
Armour
 f - the +3 cloak of Kasa (worn) {rElec rPois Dex-2 SInv}
   (You found it in a Gauntlet)

   Dex:       It affects your dexterity (-2).
   rElec:     It insulates you from electricity.
   rPois:     It protects you from poison.
   SInv:      It lets you see invisible.
 g - the +2 pair of gloves "Hiplos" (worn) {-Cast Harm Regen+ Dex+8}
   (You found it in a Gauntlet)

   Dex:       It affects your dexterity (+8).
   -Cast:     It prevents spellcasting.
   Regen:     It increases your rate of health regeneration.
   Harm:      It increases damage dealt and taken.
 x - the +5 plate armour of Odghupli (worn) {Fly rN+}
   (You found it on level 3 of the Spider Nest)

   rN:        It protects you from negative energy.
   Fly:       It grants you flight.
 K - a +5 kite shield of positive energy (worn)
 P - a +4 plate armour
 T - a +2 pair of boots of flying (worn)
Jewellery
 k - a ring of protection from fire (left hand)
 y - a ring of resist corrosion
 B - a +6 ring of dexterity
 C - a ring of positive energy
 F - the amulet of Yluvamed (around neck) {RegenMP Will++ MP+9}
   (You bought it in a shop on level 3 of the Vaults)

   [amulet of magic regeneration]

   It increases your rate of magic regeneration.
   MP:        It affects your magic capacity (+9).
   Will:      It greatly increases your willpower.
 N - a ring of positive energy
 Q - the ring "Eclor" (right hand) {Ice Will+ Str+2 Int+5 Dex-4}
   (You found it on level 11 of the Dungeon)

   [ring of ice]

   It enhances your ice magic.
   Str:       It affects your strength (+2).
   Int:       It affects your intelligence (+5).
   Dex:       It affects your dexterity (-4).
   rF:        It makes you vulnerable to fire.
   rC:        It protects you from cold.
   Will:      It increases your willpower.
 X - an amulet of guardian spirit
Wands
 e - a wand of paralysis (22)
 j - a wand of digging (10)
 v - a wand of charming (22)
 w - a wand of mindburst (18)
 G - a wand of flame (125)
 U - a wand of iceblast (16)
 W - a wand of acid (5)
Scrolls
 c - 8 scrolls of blinking
 m - 4 scrolls of holy word
 r - 6 scrolls of enchant armour
 s - a scroll of torment {unknown}
 t - 3 scrolls of silence
 I - 11 scrolls of teleportation
 L - 5 scrolls of magic mapping
 S - 4 scrolls of fog
 V - 8 scrolls of fear
 Z - a scroll of brand weapon
Potions
 d - 6 potions of lignification
 i - 3 potions of heal wounds
 n - 3 potions of invisibility
 o - 7 potions of might
 u - a potion of resistance
 D - 4 potions of haste
 E - 2 potions of cancellation
 J - 12 potions of curing
 M - 6 potions of ambrosia
 O - a potion of berserk rage
 R - 5 potions of flight
Miscellaneous
 H - a condenser vane


   Skills:
 O Level 27 Fighting
 + Level 24.1(24.3) Axes
 + Level 4.2(16.5) Maces & Flails
 - Level 13.9(14.0) Slings
 + Level 1.5(8.3) Throwing
 + Level 26.4 Armour
 - Level 3.0 Dodging
 + Level 24.6 Shields
 + Level 4.6 Evocations


You had 24 spell levels left.
You didn't know any spells.
Your spell library was empty.

Dungeon Overview and Level Annotations

Branches:
Dungeon (15/15)            Temple (0/1) D:4            Lair (6/6) D:11
 Shoals (4/4) Lair:4       Spider (4/4) Lair:4        Slime (0/5) Lair:5
    Orc (2/2) D:12            Elf (0/3) Orc:2        Vaults (4/5) D:13
  Crypt (0/3) Vaults:2     Depths (4/4) D:15            Zot (5/5) Depths:4
Gauntlet (visited)

Altars:
Ashenzari
Cheibriados
Dithmenos
Elyvilon
Gozag
Hepliaklqana
Okawaru
Qazlal
Ru
Sif Muna
Trog
Uskayaw
Vehumet
Wu Jian
Yredelemnul
Beogh

Shops:
D:5 [   D:13 [   Orc:1 *   Orc:2 *?[!(   Vaults:3 =   Vaults:4 :   Depths:1 *
Depths:2 !   Depths:4 *!((

Portals:
Hell: Depths:1 Depths:2 Depths:3 Depths:4
Abyss: Depths:3 Depths:4
Pandemonium: Depths:2
Ziggurat: Depths:1
Trove: Depths:3 (give 7 scrolls of blinking)

Annotations:
D:3 1 runed translucent door, Crazy Yiuf
D:7 2 runed translucent doors, 2 transporters, GrimJard's ghost, amateur DrCj; Grum
Lair:2 3 runed translucent doors, SlyGuyMcFly's ghost, journeyman VSBr; Xairgh's ghost, journeyman HOGl
Vaults:2 3 runed translucent doors, Ofeuna's ghost, adept DjSu
Depths:1 3 runed translucent doors, Nats's ghost, adept MfGl


Innate Abilities, Weirdness & Mutations

You have a pair of large horns on your head.
You reflexively headbutt those who attack you in melee.
Your body sometimes deteriorates upon taking damage.
You are frail. (-10% HP)
Your spells are easier to cast, but less powerful.
You sometimes lose the ability to read scrolls when taking damage.


Message History

You fly upwards.
There is a stone staircase leading down here.
There is a stone staircase leading up here.
You fly upwards.
There is a stone staircase leading down here.
You see here a +0 short sword.
You see here 21 arrows.
A soul eater comes into view.
There is a stone staircase leading up here.
You fly upwards.
Level annotation: 2 runed translucent doors, 2 transporters, GrimJard's ghost, amateur DrCj; Grum
There is a stone staircase leading down here.
There is an open door here.
There is a stone staircase leading up here.
You fly upwards.
There is a stone staircase leading down here.
Things that are here:
a +0 ring mail; a +1 short sword of draining
There is a stone staircase leading up, spattered with blood here.
You fly upwards.
There is a stone staircase leading down here.
You see here 42 stones.
There is a white marble altar of Elyvilon here.
There is a stone staircase leading up here.
You fly upwards.
There is a stone staircase leading down here.
There is an open door here.
There is a stone staircase leading up here.
You fly upwards.
Level annotation: 1 runed translucent door, Crazy Yiuf
There is a stone staircase leading down here.
There is an escape hatch in the ceiling here.
A mysterious force pulls you upwards. The hatch slams shut behind you.
There is a stone staircase leading up here.
You fly upwards.
There is a stone staircase leading down here.
You reach down and open the door.
There is an open door here.
There is a staircase leading out of the dungeon here.
You have escaped!

#.## #.####..........#. #..#
#+#######'####.)## ########.##
##.........## ##÷..
#.........###...#####...###..##
#......#####.#.#.###.#.#.######
#.....## ##.##.##.#.##.##.## #.
#.....####.###.###.###.###.###.
#....†.##.####.##.#.##.####.##.
#......'..[...@..###.........'.
#.....##..####.### ###.####..##
########.#.###.# #.###.#.#
########.##.#.## ##.#.##.#
#......#.###.## ##.###.##
#......#.##.#.## ##.#.##.#.
#......#.#.###.# #.###.#.#.
#...>..#..####.### ###.####..#.
######÷'.........###.........'.


There were no monsters in sight!

Vanquished Creatures
  A dread lich (Zot:5)
  3 ancient liches (Zot:5)
  3 orbs of fire (Zot:5)
  Bai Suzhen (Shoals:4)
  4 Killer Klowns (Zot:5)
  2 curse toes (Zot:4)
  2 golden dragons (Zot:3)
  A profane servitor (Depths:3)
  Arachne (Spider:2)
  A bone dragon (Depths:4)
  3 electric golems
  10 tentacled monstrosities
  Mlioglotl (Shoals:1)
  3 liches
  25 Orb Guardians (Zot:5)
  10 quicksilver dragons
  A shard shrike skeleton (Abyss:3)
  A titan (Depths:4)
  A walking earthen tome (Depths:3)
  Frances (D:13)
  4 death cobs
  5 tentacled starspawn
  Polyphemus (Shoals:2)
  Agnes (Spider:3)
  2 ancient champions (Vaults:2)
  3 sphinxes
  Kirke (Lair:6)
  9 draconian monks
  A tengu reaver (Vaults:1)
  4 shadow dragons
  9 storm dragons
  6 fire giants
  5 draconian knights
  A deep elf sorcerer (Vaults:2)
  10 emperor scorpions
  A frost giant (shapeshifter) (Depths:4)
  11 draconian scorchers
  9 frost giants
  8 draconian shifters
  Louise (Spider:4)
  7 ghost moths
  9 vault wardens
  A balrug (Depths:4)
  3 draconian stormcallers
  16 very ugly things
  A deep elf elementalist (Abyss:3)
  A broodmother (Spider:1)
  3 draconian annihilators
  A quicksilver ooze (Gauntlet)
  4 stone giants
  An ironbound thunderhulk (Vaults:3)
  2 vampire knights
  13 black draconians
  11 ironbound preservers
  4 entropy weavers
  10 yellow draconians
  An entropy weaver (shapeshifter) (Vaults:2)
  A deep elf annihilator (Vaults:1)
  11 red draconians
  12 green draconians
  A minotaur (Gauntlet)
  A dire elephant (Vaults:1)
  7 purple draconians
  13 white draconians
  10 spark wasps
  7 merfolk impalers
  A blizzard demon (Depths:2)
  A jiangshi (Vaults:2)
  6 fire dragons
  3 merfolk javelineers
  13 ettins
  7 yaktaur captains
  4 great orbs of eyes
  4 rakshasas
  15 vault guards
  13 hydras
  7 boulder beetles
  Harold (Orc:1)
  A merfolk avatar (Shoals:4)
  7 ice dragons
  An ogre mage (D:15)
  4 spriggan air magi
  2 catoblepae
  2 alligator snapping turtles
  4 ironbound frosthearts
  A merfolk aquamancer (Shoals:4)
  4 satyrs
  Erica (D:11)
  12 centaur warriors
  11 two-headed ogres
  A radroach (Spider:1)
  2 two-headed ogres (shapeshifter)
  5 deep troll shamans
  2 vampire magi (Depths:2)
  4 tengu warriors
  5 deep troll earth magi
  3 orc high priests (Orc:2)
  8 thrashing horrors
  3 hell hogs (Depths:1)
  2 death yaks (Shoals:2)
  Urug (D:11)
  3 spriggans
  19 hell knights
  5 wretched stars (Abyss:3)
  A shock serpent (shapeshifter) (Depths:2)
  2 iron trolls (Depths:4)
  6 spriggan berserkers
  A storm dragon zombie (Depths:1)
  2 sun demons
  3 sixfirhies (Gauntlet)
  5 skeletal warriors (D:14)
  2 soul eaters
  2 goliath frogs (Lair:6)
  A salamander mystic (Depths:1)
  6 pharaoh ants
  7 steelbarb worms
  11 sea snakes
  41 deep trolls
  3 glowing orange brains
  2 spatial maelstroms
  2 sun moths
  An orange crystal statue (Zot:5)
  12 orb spiders
  3 flayed ghosts
  12 lindwurms
  Pikel (D:8)
  16 ironbound convokers
  10 necromancers
  30 harpies
  A deep elf pyromancer (D:15)
  4 orc knights (Orc:2)
  5 oklob plants
  8 wizards
  A tengu skeleton (Vaults:2)
  2 salamanders (Depths:1)
  44 ugly things
  19 manticores
  4 orc sorcerers
  23 wolf spiders
  25 fauns
  20 moths of wrath
  5 cyclopes
  2 worldbinders
  33 starcursed masses (Abyss:3)
  9 elephants
  A sphinx skeleton (Depths:1)
  10 black mambas
  11 vault sentinels
  A rust devil (Gauntlet)
  An apocalypse crab (Abyss:2)
  11 merfolk sirens
  Maurice (D:8)
  A hellion (Depths:2)
  6 torpor snails
  An orange demon (Depths:2)
  2 gargoyles
  2 water nymphs (Shoals:4)
  7 large abominations (Abyss:3)
  21 cane toads
  8 smoke demons
  A kobold demonologist (D:12)
  2 demonic crawlers (Spider:2)
  An unseen horror (D:12)
  2 rime drakes (Lair:5)
  A freezing wraith (Vaults:1)
  A rime drake (shapeshifter) (Abyss:3)
  16 komodo dragons
  29 yaktaurs
  3 efreet
  A tengu conjurer (Depths:2)
  3 hellwings (Abyss:3)
  3 ice devils
  A tormentor (Abyss:3)
  5 ancient zymes
  A red devil (Depths:2)
  3 trolls
  2 tyrant leeches (Lair:6)
  2 polar bears
  A polar bear (shapeshifter) (Abyss:2)
  A hornet (shapeshifter) (Vaults:2)
  12 meliai
  A wind drake (shapeshifter) (D:14)
  3 harpy zombies (Shoals:2)
  19 merfolk
  17 hornets
  17 tarantellas
  6 wind drakes
  29 blink frogs
  15 slime creatures
  11 raiju (Abyss:3)
  11 dream sheep
  A raiju (shapeshifter) (D:15)
  33 jumping spiders
  13 snapping turtles
  A flying skull (Abyss:3)
  An air elemental (Abyss:3)
  14 culicivoras
  7 water elementals
  4 shadows
  4 hogs (Lair:6)
  8 wyverns
  A centaur simulacrum (D:10)
  An ettin skeleton (Vaults:2)
  3 ynoxinuls
  4 basilisks
  34 yaks
  A wraith (Abyss:3)
  Eustachio (D:6)
  A chaos spawn (Abyss:2)
  3 spatial vortices
  2 steam dragons
  12 vampire mosquitoes
  3 neqoxecs
  6 small abominations
  A spriggan simulacrum (Depths:1)
  55 redbacks
  3 wargs
  Duvessa (D:6)
  7 water moccasins
  3 floating eyes
  6 acid dragons
  2 black bears
  An ice beast (D:6)
  2 sky beasts (D:5)
  2 human zombies (Vaults:2)
  15 orc warriors
  2 necrophages
  11 ogres
  An ettin simulacrum (Depths:1)
  13 centaurs
  A phantom (D:6)
  16 wolves
  An elf simulacrum (Vaults:2)
  3 kobold brigands
  2 lemures (D:8)
  20 bullfrogs
  A gnoll sergeant (D:11)
  7 scorpions
  A water moccasin zombie (D:6)
  3 wyvern skeletons
  Dowan (D:6)
  A water moccasin skeleton (D:7)
  3 killer bees (D:8)
  18 wights
  3 electric eels
  7 howler monkeys
  A bullfrog zombie (D:5)
  3 centaur zombies
  A jelly (Lair:5)
  2 iron imps (Gauntlet)
  2 hounds
  3 quasits
  14 orc priests
  2 iguanas (D:5)
  11 orc wizards
  3 killer bee zombies
  A hound skeleton (D:4)
  A howler monkey zombie (D:8)
  5 gnolls (D:11)
  4 adders (D:2)
  2 shadow imps (D:7)
  2 white imps
  2 ufetubi (Abyss:2)
  6 dart slugs
  53 orcs
  5 ball pythons
  A bat zombie (Shoals:2)
  5 endoplasms
  A giant cockroach (D:3)
  9 goblins
  10 hobgoblins
  2 jackals (D:3)
  22 kobolds
  2 quokkas (D:1)
  4 bats
  4 frilled lizards
  A jackal skeleton (D:4)
  8 rats
  A spectral hobgoblin (D:1)
  A spectral orc (D:7)
  5 starspawn tentacles
1767 creatures vanquished.

Vanquished Creatures (collateral kills)
  2 orbs of fire (Zot:5)
  An acid blob (Spider:3)
  A tentacled starspawn (Abyss:3)
  A hydra (D:11)
  A merfolk aquamancer (Shoals:4)
  A catoblepas (Shoals:2)
  A death yak (Shoals:2)
  A large abomination (Abyss:3)
  A wretched star (Abyss:3)
  A sixfirhy (Gauntlet)
  A deep troll (Vaults:1)
  An ironbound convoker (Vaults:1)
  2 fauns (Shoals:3)
  A vault sentinel (Vaults:2)
  2 harpy zombies (Shoals:2)
  2 merfolk
  3 starcursed masses (Abyss:3)
  A starspawn tentacle (Abyss:3)
24 creatures vanquished.

Vanquished Creatures (others)
  A draconian shifter (Zot:1)
  A centaur warrior (Vaults:3)
  A hell knight (Depths:1)
  A tengu conjurer (Depths:2)
  A flying skull (Abyss:3)
  A small abomination (Abyss:3)
  An orc wizard (Orc:2)
  5 demonic plants (Gauntlet)
  42 fungi
  A lurking horror (Abyss:3)
  165 plants
  7 starspawn tentacles
  6 withered plants (Lair:2)
233 creatures vanquished.

Grand Total: 2024 creatures vanquished

Notes
Turn   | Place    | Note
-------+----------+-------------------------------------------
     0 | D:1      | antidepressant22 the Minotaur Berserker began the quest for
                  | the Orb.
     0 | D:1      | Reached XP level 1. HP: 19/19 MP: 0/0
   284 | D:1      | Reached XP level 2. HP: 20/27 MP: 1/1
   601 | D:1      | Reached skill level 4 in Fighting
   625 | D:1      | Found a faded altar of an unknown god.
   969 | D:1      | Reached ** piety under Trog
   970 | D:1      | Reached XP level 3. HP: 32/33 MP: 2/2
  1443 | D:2      | Reached XP level 4. HP: 17/40 MP: 3/3
  1755 | D:2      | Reached skill level 5 in Axes
  2371 | D:3      | Reached *** piety under Trog
  2558 | D:3      | Found a runed translucent door.
  2559 | D:3      | Noticed Crazy Yiuf
  2782 | D:4      | Found a staircase to the Ecumenical Temple.
  2887 | D:4      | Reached XP level 5. HP: 47/47 MP: 4/4
  2933 | D:4      | Found a radiant altar of Vehumet.
  3088 | D:4      | Noticed a hornet
  3102 | D:4      | Killed a hornet
  3103 | D:4      | Reached skill level 5 in Fighting
  3103 | D:4      | Reached XP level 6. HP: 56/56 MP: 5/5
  3771 | D:4      | Found a bloodstained altar of Trog.
  4222 | D:5      | Entered Level 5 of the Dungeon
  4222 | D:5      | Noticed a sky beast
  4222 | D:5      | Noticed a sky beast
  4264 | D:4      | Reached skill level 1 in Throwing
  4264 | D:4      | Reached XP level 7. HP: 33/62 MP: 6/6
  4646 | D:5      | Found Giudeare's Antique Armour Emporium.
  4679 | D:5      | Upgraded the game from 0.28-a0-1638-g9123634e07 to
                  | 0.29-a0-2-g12fcac58f8
  5011 | D:5      | Reached skill level 6 in Fighting
  5051 | D:5      | Found a shadowy altar of Dithmenos.
  5077 | D:5      | Reached skill level 5 in Armour
  5115 | D:5      | Reached skill level 1 in Slings
  5417 | D:5      | Found a white marble altar of Elyvilon.
  5468 | D:5      | Reached XP level 8. HP: 52/71 MP: 7/7
  5810 | D:5      | HP: 2/106 [centaur (4)]
  6346 | D:6      | Found an iron altar of Okawaru.
  6513 | D:6      | Noticed Duvessa
  6527 | D:6      | Killed Duvessa
  6528 | D:6      | Reached skill level 7 in Fighting
  6549 | D:6      | Noticed Dowan
  6647 | D:6      | Killed Dowan
  7318 | D:6      | Reached XP level 9. HP: 69/79 MP: 8/8
  7461 | D:6      | Noticed Eustachio
  7470 | D:6      | Killed Eustachio
  7777 | D:7      | Found a large runed translucent door.
  7777 | D:7      | Found a large runed translucent door.
  7783 | D:7      | Noticed a komodo dragon
  7789 | D:7      | Found a large runed translucent door.
  7789 | D:7      | Found a large runed translucent door.
  7827 | D:7      | Found a sacrificial altar of Ru.
  7987 | D:7      | Reached skill level 10 in Axes
  8386 | D:7      | Reached **** piety under Trog
  8390 | D:7      | Reached skill level 8 in Fighting
  8469 | D:7      | Found a shimmering blue altar of Sif Muna.
  8492 | D:7      | Reached skill level 1 in Shields
  8552 | D:7      | Noticed a gargoyle
  8671 | D:7      | Found a stormy altar of Qazlal.
  8764 | D:7      | Killed a gargoyle
  9045 | D:7      | Found a basalt altar of Yredelemnul.
  9145 | D:7      | Found a transporter.
  9173 | D:7      | Identified the ring of Ascent {Will+ AC+4}
  9176 | D:7      | Found an ornate altar of the Wu Jian Council.
  9209 | D:7      | Noticed Grum
  9210 | D:7      | Found a transporter.
  9220 | D:7      | Noticed GrimJard's ghost (amateur DrCj)
  9362 | D:7      | Noticed a troll
  9368 | D:7      | Killed a troll
  9369 | D:7      | Reached XP level 10. HP: 90/90 MP: 9/9
 10019 | D:8      | Noticed Maurice
 10029 | D:8      | Killed Maurice
 10030 | D:8      | Reached skill level 10 in Armour
 10074 | D:8      | Noticed Pikel
 10093 | D:8      | Killed Pikel
 10094 | D:8      | Reached skill level 9 in Fighting
 10604 | D:8      | Noticed a two-headed ogre
 10613 | D:8      | Killed a two-headed ogre
 10903 | D:8      | Found an opulent altar of Gozag.
 10903 | D:8      | Found a hazy altar of Hepliaklqana.
 10934 | D:8      | Found a hide-covered altar of Uskayaw.
 11341 | D:9      | Found a broken altar of Ashenzari.
 11822 | D:9      | Reached XP level 11. HP: 97/99 MP: 10/10
 11945 | D:10     | Entered Level 10 of the Dungeon
 12180 | D:10     | Reached skill level 5 in Shields
 12323 | D:10     | Reached ***** piety under Trog
 12406 | D:10     | Reached skill level 10 in Fighting
 12538 | D:10     | Identified the +8 flail "Hydra's Foe" {drain, Fragile rElec
                  | rN+}
 12814 | D:11     | Noticed a four-headed hydra
 12828 | D:11     | Killed a six-headed hydra
 13114 | D:11     | Identified 3 scrolls of acquirement
 13114 | D:11     | Acquired the +8 broad axe of Isusiukk {freeze, rPois Str+4}
 13366 | D:11     | Noticed a two-headed ogre
 13379 | D:11     | Killed a two-headed ogre
 13444 | D:11     | Noticed Urug
 13454 | D:11     | Killed Urug
 13455 | D:11     | Reached skill level 5 in Slings
 13602 | D:11     | Noticed a two-headed ogre
 13604 | D:11     | Killed a two-headed ogre
 13725 | D:11     | Noticed Erica
 13731 | D:11     | Killed Erica
 14039 | D:11     | Reached skill level 11 in Fighting
 14287 | D:11     | Found a staircase to the Lair.
 14341 | D:11     | Identified the ring "Eclor" {Ice Will+ Str+2 Int+5 Dex-4}
 14565 | D:12     | Noticed a white ugly thing
 14577 | D:11     | Killed a white ugly thing
 14578 | D:11     | Reached XP level 12. HP: 97/110 MP: 11/11
 14824 | D:12     | Noticed an eight-headed hydra
 14840 | D:12     | Killed an eight-headed hydra
 15015 | D:12     | Found a staircase to the Orcish Mines.
 15023 | D:12     | Noticed a boulder beetle
 15035 | D:12     | Killed a boulder beetle
 15188 | D:12     | Reached skill level 15 in Axes
 15824 | Lair:1   | Entered Level 1 of the Lair of Beasts
 15846 | Lair:1   | Noticed a six-headed hydra
 15862 | Lair:1   | Killed a six-headed hydra
 15863 | Lair:1   | Reached skill level 1 in Maces & Flails
 15959 | Lair:1   | Noticed a four-headed hydra
 16045 | Lair:1   | Killed a four-headed hydra
 16662 | Lair:1   | Reached skill level 12 in Fighting
 16812 | Lair:1   | Noticed a six-headed hydra
 16830 | Lair:1   | Killed a six-headed hydra
 17103 | Lair:2   | Noticed a five-headed hydra
 17111 | Lair:2   | Killed a five-headed hydra
 17156 | Lair:2   | You fall into a shaft and drop 1 floor!
 17839 | Lair:2   | Reached XP level 13. HP: 107/119 MP: 12/12
 18021 | Lair:2   | Found a runed translucent gate.
 18022 | Lair:2   | Found a runed translucent gate.
 18023 | Lair:2   | Found a runed translucent gate.
 18040 | Lair:2   | Noticed SlyGuyMcFly's ghost (journeyman VSBr)
 18040 | Lair:2   | Noticed Xairgh's ghost (journeyman HOGl)
 18628 | Lair:3   | Paralysed by a floating eye for 3 turns
 19036 | Lair:4   | Found a hole to the Spider Nest.
 19466 | Lair:4   | Received a gift from Trog
 19730 | Lair:4   | Reached skill level 13 in Fighting
 19929 | Lair:4   | Found a snail-covered altar of Cheibriados.
 20105 | Lair:4   | Found a staircase to the Shoals.
 20448 | Lair:5   | Found a staircase to the Slime Pits.
 21320 | Lair:5   | Found a hazy altar of Hepliaklqana.
 21404 | Lair:6   | Entered Level 6 of the Lair of Beasts
 21808 | Lair:6   | Reached skill level 10 in Shields
 21861 | Lair:6   | Reached XP level 14. HP: 110/130 MP: 10/13
 22230 | Lair:6   | Reached skill level 14 in Fighting
 22540 | Lair:6   | Received a gift from Trog
 22975 | Lair:6   | Noticed Kirke
 22985 | Lair:6   | Killed Kirke
 23076 | Lair:6   | Reached skill level 15 in Armour
 23169 | Lair:6   | Reached skill level 15 in Fighting
 23934 | Orc:1    | Entered Level 1 of the Orcish Mines
 24032 | Orc:1    | Found Eroz Ceo's Assorted Antiques.
 24130 | Orc:1    | Noticed Harold
 24139 | Orc:1    | Killed Harold
 24457 | Orc:1    | Acquired a manual of Armour
 24461 | Orc:1    | Acquired 1152 gold pieces
 24671 | Orc:1    | Received a gift from Trog
 24848 | Orc:2    | Entered Level 2 of the Orcish Mines
 24916 | Orc:2    | Found Wiocso's Weapon Boutique.
 25162 | Orc:2    | Found a staircase to the Elven Halls.
 25975 | Orc:2    | Found Baecseqa's Distillery.
 25975 | Orc:2    | Found Ohuweh's Assorted Antiques.
 26326 | Orc:2    | Found Xugak's Antique Armour Shoppe.
 26326 | Orc:2    | Found Ogucudyo's Magic Scroll Shop.
 26809 | Spider:1 | Entered Level 1 of the Spider Nest
 26839 | Spider:1 | Received a gift from Trog
 27330 | D:13     | Found Norobuf's Antique Armour Boutique.
 27349 | D:13     | Bought an embroidered hat for 196 gold pieces
 27372 | D:13     | Noticed Frances
 27384 | D:13     | Killed Frances
 27385 | D:13     | Reached skill level 16 in Fighting
 27385 | D:13     | Reached XP level 15. HP: 144/144 MP: 12/14
 27462 | D:13     | Found a gate to the Vaults.
 28808 | D:14     | Found an opulent altar of Gozag.
 28825 | D:14     | Found a gate leading to a gauntlet.
 28855 | Gauntlet | Entered a Gauntlet
 28855 | Gauntlet | Found a transporter.
 28855 | Gauntlet | Found a runed translucent door.
 28855 | Gauntlet | Found a transporter.
 29002 | Gauntlet | Found a transporter.
 29014 | Gauntlet | Found a transporter.
 29032 | Gauntlet | Found a transporter.
 29032 | Gauntlet | Found a transporter.
 29032 | Gauntlet | Found a transporter.
 29034 | Gauntlet | Found a transporter.
 29034 | Gauntlet | Found a transporter.
 29049 | Gauntlet | Found a transporter.
 29062 | Gauntlet | Found a transporter.
 29072 | Gauntlet | Found a transporter.
 29086 | Gauntlet | Found a transporter.
 29106 | Gauntlet | Found a transporter.
 29108 | Gauntlet | Found a runed translucent door.
 29337 | Gauntlet | Reached skill level 17 in Fighting
 29357 | Gauntlet | Identified the +3 cloak of Kasa {rElec rPois Dex-2 SInv}
 29437 | Gauntlet | Identified the +2 pair of gloves "Hiplos" {-Cast Harm
                  | Regen+ Dex+8}
 29627 | Gauntlet | Identified the +1 leather armour of the Jackalope {rN+
                  | Stlth+}
 30268 | D:15     | Entered Level 15 of the Dungeon
 30435 | D:15     | Received a gift from Trog
 30477 | D:15     | Found a staircase to the Depths.
 30614 | D:15     | Reached skill level 18 in Fighting
 30619 | D:15     | Reached XP level 16. HP: 157/157 MP: 15/15
 32514 | Spider:1 | Reached ****** piety under Trog
 32516 | Spider:1 | Received a gift from Trog
 32653 | Spider:1 | Reached skill level 15 in Shields
 32654 | Spider:1 | Paralysed by a hornet for 1 turns
 33125 | Spider:2 | Reached skill level 19 in Fighting
 33413 | Spider:2 | Noticed Arachne
 33421 | Spider:2 | Killed Arachne
 33958 | Spider:2 | Identified the +7 hand axe "Jeol" {vorpal, rF+} (Trog
                  | gifted it to you on level 2 of the Spider Nest)
 33958 | Spider:2 | Received a gift from Trog
 34175 | Spider:3 | Noticed Agnes
 34186 | Spider:3 | Killed Agnes
 34387 | Spider:3 | Reached XP level 17. HP: 169/169 MP: 16/16
 34740 | Spider:3 | Reached skill level 20 in Fighting
 35041 | Spider:3 | Received a gift from Trog
 35065 | Spider:3 | Found the +14 obsidian axe {vorpal, Mesm Drain Fly SInv}
 35069 | Spider:3 | Noticed an acid blob
 35081 | Spider:3 | Killed an acid blob
 35214 | Spider:3 | Identified the +5 plate armour of Odghupli {Fly rN+}
 35327 | Spider:4 | Entered Level 4 of the Spider Nest
 35450 | Spider:4 | Noticed Louise
 35452 | Spider:4 | Cast into level 2 of the Abyss (Louise)
 35561 | Abyss:2  | Found a broken altar of Ashenzari.
 35753 | Abyss:2  | Noticed a tentacled monstrosity
 35774 | Abyss:2  | Killed a tentacled monstrosity
 35815 | Abyss:3  | Found a corrupted altar of Lugonu.
 35846 | Abyss:3  | Gained mutation: Your spells are a little easier to cast,
                  | but a little less powerful. [a neqoxec]
 35884 | Spider:4 | Escaped the Abyss
 35899 | Spider:4 | Killed Louise
 37122 | Spider:4 | Got a gossamer rune of Zot
 37895 | Orc:1    | Bought a slimy chain mail for 294 gold pieces
 37895 | Orc:1    | Identified the +3 chain mail "Qubur" {rC+ Str+4 Int+4} (You
                  | bought it in a shop on level 1 of the Orcish Mines)
 37959 | Orc:2    | Bought a runed plate armour for 754 gold pieces
 38197 | Shoals:1 | Entered Level 1 of the Shoals
 38214 | Shoals:1 | Reached skill level 21 in Fighting
 38246 | Shoals:1 | Received a gift from Trog
 38398 | Shoals:1 | Noticed Mlioglotl
 38414 | Shoals:1 | Killed Mlioglotl
 39148 | Shoals:2 | Received a gift from Trog
 39455 | Shoals:2 | Noticed Polyphemus
 39503 | Shoals:2 | Killed Polyphemus
 39504 | Shoals:2 | Reached skill level 10 in Slings
 39504 | Shoals:2 | Reached XP level 18. HP: 177/182 MP: 15/17
 40887 | Shoals:3 | Reached skill level 22 in Fighting
 40939 | Shoals:3 | Received a gift from Trog
 41789 | Shoals:4 | Entered Level 4 of the Shoals
 42184 | Shoals:4 | Identified the +8 mace of the Many Yaks {freeze, rPois
                  | Str+2 SInv}
 42327 | Shoals:4 | Noticed Bai Suzhen
 42365 | Shoals:4 | Killed Bai Suzhen
 42711 | Shoals:4 | Received a gift from Trog
 42775 | Shoals:4 | Got a barnacled rune of Zot
 43089 | Vaults:1 | Entered Level 1 of the Vaults
 43250 | Vaults:1 | Reached skill level 23 in Fighting
 43879 | Vaults:1 | Received a gift from Trog
 43887 | Vaults:1 | Reached XP level 19. HP: 187/195 MP: 18/18
 44235 | Vaults:1 | Identified the ring of Interdependent Arising {Fire Str+5
                  | Dex-3}
 45065 | Vaults:2 | Reached skill level 24 in Fighting
 45446 | Vaults:2 | Received a gift from Trog
 45450 | Vaults:2 | Found a staircase to the Crypt.
 46047 | Vaults:2 | Received a gift from Trog
 46220 | Vaults:2 | Found a runed translucent gate.
 46221 | Vaults:2 | Found a runed translucent gate.
 46222 | Vaults:2 | Found a runed translucent gate.
 46226 | Vaults:2 | Noticed Ofeuna's ghost (adept DjSu)
 46686 | Vaults:3 | Paralysed by a sphinx for 4 turns
 46951 | Vaults:3 | Reached skill level 25 in Fighting
 47538 | Vaults:3 | Received a gift from Trog
 47540 | Vaults:3 | Cast into level 3 of the Abyss (a wizard)
 47607 | Vaults:3 | Escaped the Abyss
 48080 | Vaults:3 | Reached XP level 20. HP: 211/211 MP: 19/19
 48400 | Vaults:3 | Found Ovosudoh's Jewellery Shop.
 48426 | Vaults:3 | Bought the amulet of Yluvamed {RegenMP Will++ MP+9} for 964
                  | gold pieces
 48701 | Vaults:4 | Found a crumbling gateway.
 49098 | Vaults:4 | Found Cikleux's Book Shop.
 49447 | Vaults:4 | Identified the +4 flail "Deps" {freeze, rPois rN+}
 49890 | Depths:1 | Entered Level 1 of the Depths
 49899 | D:15     | Received a gift from Trog
 50111 | Depths:1 | Found a one-way gateway to a ziggurat.
 50294 | Depths:1 | Found a runed translucent gate.
 50295 | Depths:1 | Found a runed translucent gate.
 50298 | Depths:1 | Found a runed translucent gate.
 50298 | Depths:1 | Noticed Nats's ghost (adept MfGl)
 50744 | Depths:1 | Found Soanaimp's Assorted Antiques.
 50883 | Depths:1 | Found a gateway to Hell.
 51086 | Depths:1 | Reached skill level 26 in Fighting
 51329 | Depths:1 | Received a gift from Trog
 51554 | Depths:2 | Found Ocseoh's Distillery.
 51808 | Depths:2 | Found a one-way gate leading to the halls of Pandemonium.
 52574 | Depths:2 | Received a gift from Trog
 52710 | Depths:2 | Found the +8 glaive of the Guard {elec, spectral, AC+5}
 52724 | Depths:2 | Reached XP level 21. HP: 222/222 MP: 20/20
 53425 | Depths:3 | Identified the +8 battleaxe "Uminoh" {antimagic, +Blink
                  | rC+}
 53759 | Depths:3 | Found a one-way gate to the infinite horrors of the Abyss.
 54148 | Depths:3 | Found a portal to a secret trove of treasure.
 54200 | Depths:3 | Received a gift from Trog
 54354 | Depths:4 | Entered Level 4 of the Depths
 54416 | Depths:4 | Found a shadowy altar of Dithmenos.
 54740 | Depths:4 | Found Tapp's General Store.
 54742 | Depths:4 | Found Isiptu's Weapon Shoppe.
 54742 | Depths:4 | Found Zogaix's Distillery.
 54787 | Depths:4 | Found Joiced's Weapon Shoppe.
 55006 | Depths:4 | Found a gate to the Realm of Zot.
 55144 | Depths:4 | Reached skill level 27 in Fighting
 55600 | Depths:4 | Received a gift from Trog
 56362 | Depths:4 | Voluntarily entered the Abyss.
 56623 | Abyss:3  | Paralysed by accursed screaming for 1 turns
 57128 | Abyss:3  | Reached XP level 22. HP: 103/233 MP: 21/21
 57128 | Abyss:3  | Reached XP level 23. HP: 106/240 MP: 22/22
 57128 | Abyss:3  | Got an abyssal rune of Zot
 57138 | Depths:4 | Escaped the Abyss
 57365 | Zot:1    | Entered Level 1 of the Realm of Zot
 58404 | Zot:1    | HP: 7/360 [purple draconian/bolt of dispelling energy (37)]
 58405 | Zot:1    | Reached XP level 24. HP: 7/249 MP: 22/22
 59292 | Zot:1    | Identified the +7 chain mail of Baxazod {Rampage Str+3
                  | Int-4 SInv}
 59535 | Zot:1    | Gained mutation: Your body sometimes deteriorates upon
                  | taking damage. [mutagenic glow]
 59552 | Zot:1    | Gained mutation: You have a pair of large horns on your
                  | head. [mutagenic glow]
 59560 | Zot:1    | Gained mutation: Your spells are easier to cast, but less
                  | powerful. [mutagenic glow]
 61128 | Zot:2    | Received a gift from Trog
 65879 | Zot:5    | Entered Level 5 of the Realm of Zot
 67118 | Zot:5    | Noticed an ancient lich
 67122 | Zot:5    | Noticed an ancient lich
 67127 | Zot:5    | Killed an ancient lich
 67136 | Zot:5    | Killed an ancient lich
 67137 | Zot:5    | Reached XP level 25. HP: 222/257 MP: 22/22
 68463 | Zot:5    | Noticed an orb of fire
 68472 | Zot:5    | Gained mutation: You sometimes lose the ability to read
                  | scrolls when taking damage. [an orb of fire]
 68473 | Zot:5    | Killed an orb of fire
 68535 | Zot:5    | Noticed a Killer Klown
 68559 | Zot:5    | Killed a Killer Klown
 68690 | Zot:5    | Noticed an orb of fire
 68703 | Zot:5    | Killed an orb of fire
 68754 | Zot:5    | Noticed a Killer Klown
 68772 | Zot:5    | Killed a Killer Klown
 68883 | Zot:5    | Noticed an orb of fire
 68915 | Zot:5    | Killed an orb of fire
 69440 | Zot:5    | Noticed a Killer Klown
 69597 | Zot:5    | Killed a Killer Klown
 69922 | Zot:5    | Noticed an orb of fire
 69926 | Zot:5    | Gained mutation: You are frail. (-10% HP) [an orb of fire]
 69939 | Zot:5    | Killed an orb of fire
 70033 | Zot:5    | Noticed a Killer Klown
 70042 | Zot:5    | Killed a Killer Klown
 70072 | Zot:5    | Noticed a dread lich
 70083 | Zot:5    | Killed a dread lich
 70186 | Zot:5    | Noticed an ancient lich
 70202 | Zot:5    | Killed an ancient lich
 70513 | Zot:5    | Noticed an orb of fire
 70527 | Zot:5    | Killed an orb of fire
 70655 | Zot:5    | Got the Orb of Zot
 71012 | Depths:1 | Noticed Tuxkiuti the pandemonium lord
 71418 | D:$      | Escaped with the Orb!

Illustrated notes

Levels and vault maps discovered:
D:1:      roderic_octagonal_star, layout_rooms,
          dreamdust_ecumenical_altar_drowned_temple, minmay_pentomino_u4
D:2:      layout_basic
D:3:      layout_loops_cross, uniq_crazy_yiuf_cottage
D:4:      layout_basic, lemuel_crystal_altar, lemuel_round_altar,
          minmay_temple_entry_glassed_door, minmay_unequal
D:5:      layout_basic, mainiacjoe_overflow_paths,
          mainiacjoe_overflow_surrounded_room, serial_shops,
          nicolae_shop_hallway_plus, skrybe_limestone_x, st_stairs_9,
          chequers_serial_rivers_micro_b
D:6:      layout_loops_corners, mainiacjoe_overflow_brackets, uniq_eustachio,
          uniq_duvessa
D:7:      layout_basic, mainiacjoe_overflow_chevrons,
          yredelemnul_forgotten_temple_becter, mainiacjoe_overflow_alcove_2,
          nicolae_wu_jian_immortal_techniques,
          nicolae_ru_great_annihilating_truth, gammafunk_ghost_gnarly_gnolls,
          minmay_hollow_rounded_squares
D:8:      layout_rooms, gammafunk_temple_overflow_elements,
          nicolae_uskayaw_dance_studio, uniq_pikel, uniq_maurice
D:9:      layout_roguey, ashenzari_altar_1
D:10:     layout_loops_ring, chequers_jeans
D:11:     layout_irregular_city, erik_lair_dragon, uniq_urug, uniq_erica
D:12:     layout_rooms, minmay_orc_entry_temple_small
D:13:     layout_irregular_city, erik_vaults_2, serial_shops,
          nicolae_stop_n_shop_1, uniq_frances
D:14:     layout_cave_pods, gauntlet_entry_generic, serial_bayou_pond_a,
          portal_ice_cave_entry_pillars_three, grunt_gozag_statues
D:15:     hangedman_depths_entry_civil_slaughter, layout_stronghold,
          serial_bayou_pond_b
Lair:1:   layout_roguey, grunt_megastairs_3
Lair:2:   layout_misc_corridors, gammafunk_ghost_cemetery
Lair:3:   layout_concentric_octagons, disabler_island, serial_bayou_shore_a
Lair:4:   layout_layer_cave, minmay_shoals_entry_lonely_mermaid,
          nicolae_spider_entry_orb_guardian, basic_altar, grunt_megastairs_4,
          lemuel_fruit_tree
Lair:5:   layout_gridlike, minmay_slime_entry_pillars, basic_altar
Lair:6:   minmay_lair_end_frog_pond, layout_layer_cave, uniq_kirke
Shoals:1: layout_shoals, nicolae_shoals_seven_spires, uniq_mlioglotl
Shoals:2: layout_shoals, nicolae_shoals_undead_eyrie, uniq_polyphemus
Shoals:3: layout_shoals
Shoals:4: shoals_end_hangedman, layout_shoals, uniq_bai_suzhen
Spider:1: spiders_nest_scorpion_pit, nicolae_spider_circle_web
Spider:2: nicolae_spider_hilbert_zone_1 [nicolae_spider_hilbert_4_sides_1_open,
          nicolae_spider_hilbert_4_sides_1_open,
          nicolae_spider_hilbert_4_sides_1_open,
          nicolae_spider_hilbert_4_sides_1_open,
          nicolae_spider_hilbert_3_sides_1_open,
          nicolae_spider_hilbert_3_sides_1_open,
          nicolae_spider_hilbert_3_sides_1_open,
          nicolae_spider_hilbert_3_sides_1_open,
          nicolae_spider_hilbert_3_sides_1_open,
          nicolae_spider_hilbert_6_sides_1_open,
          nicolae_spider_hilbert_6_sides_1_open,
          nicolae_spider_hilbert_3_sides_1_open,
          nicolae_spider_hilbert_3_sides_1_open,
          nicolae_spider_hilbert_3_sides_1_open,
          nicolae_spider_hilbert_3_sides_1_open,
          nicolae_spider_hilbert_2_sides_1_open], uniq_arachne
Spider:3: layout_spider_delve, nicolae_spider_acid_house, uniq_agnes
Spider:4: grunt_spider_rune_circles, uniq_louise
Orc:1:    layout_diamond_mine, serial_shops, nicolae_shop_stone, basic_altar,
          uniq_harold
Orc:2:    grunt_orc_tribal_feast, layout_caves, serial_shops, shop
Vaults:1: vaults_room_guarded_vault, v_alt_pattern_2, hangedman_vaults_slither,
          grunt_vaults_focal, dpeg_vaults_monster_row,
          vaults_room_grunt_arrival_ludios, ontoclasm_vaults_fault,
          vaults_room_door_ring, nicolae_vaults_shelves_hall, vaults_room_pools,
          layout_vaults_chaotic_city
Vaults:2: gammafunk_ghost_necromancy, v_misc_10, vaults_dpeg_diagonal,
          nicolae_vaults_network_quincunx
          [nicolae_vaults_network_quincunx_subvault,
          nicolae_vaults_network_quincunx_subvault,
          nicolae_vaults_network_quincunx_subvault,
          nicolae_vaults_network_quincunx_subvault,
          nicolae_vaults_network_quincunx_subvault],
          vaults_room_hangedman_quadrants, vaults_mumra_minichess,
          hangedman_vaults_pinch, v_misc_12, hangedman_vaults_slice,
          vaults_room_pools, minmay_crypt_entry_simple_corners,
          nicolae_vaults_little_squares_2, vaults_room_semicircle,
          vaults_room_semicircle, layout_vaults_omnibox
Vaults:3: nicolae_vaults_ninety_degrees, nicolae_vaults_little_squares_6,
          hangedman_vaults_hat, grunt_vaults_hallway_short,
          nicolae_vaults_little_squares_5, hangedman_vaults_cutoff,
          ontoclasm_vaults_ring_small, nicolae_vaults_rhombus_5,
          layout_vaults_omnigrid, serial_shops, shop
Vaults:4: portal_desolation_entry_nicolae_slug, hangedman_vaults_trim,
          vaults_room_corners, v_misc_30, v_misc_33, v_misc_25,
          nicolae_vaults_little_squares_6, v_alt_pattern_1,
          vaults_room_stairs_pillars, hangedman_vaults_trim, vaults_room_pools,
          v_alt_pattern_6, layout_vaults_ring, serial_shops, shop
Depths:1: layout_honeycomb, enter_ziggurat_f, gammafunk_ghost_split,
          minmay_misc_feat_pillars, hellmouth_3, serial_shops,
          nicolae_shop_overgrown_old_shop, roderic_roman_lattice,
          grunt_ministairs_9, hangedman_abyss_or_decor_clamps
Depths:2: minmay_guarded_unrand_guard, layout_honeycomb, serial_shops,
          nicolae_shop_crystal, rand_demon_pan_entry_8, hell_entry,
          kennysheep_random_hallway, minmay_staircase_windowed_large
Depths:3: hellmonk_ruined_rings, layout_honeycomb, hell_entry,
          nicolae_trove_entry_diagonal, grunt_decor_arrowhead,
          abyss_entry_small_statue_room
Depths:4: grunt_zot_entry_tricorne, layout_gridlike, lightli_too_deep,
          nicolae_dithmenos_the_darkroom, abyss_entry_glasseish,
          minmay_shoptagon, infiniplex_staircase_pool_lava
Zot:1:    layout_twisted_circle, hangedman_spider_trapstep
Zot:2:    layout_basic
Zot:3:    layout_gridville
Zot:4:    layout_misc_corridors
Zot:5:    layout_basic

Skill      XL: |  1  2  3  4  5  6  7  8  9 10 11 12 13 14 15 16 17 18 19 20 21 22 23 24 25 |
---------------+----------------------------------------------------------------------------+-----
Axes           | 4 5 6 7 8 9 11 13 14 16 17 18 19 20 21 23 24 | 24.1
Fighting       | 4 5 6 7 8 9 11 12 13 16 18 19 21 23 25 26 27 | 27.0
Dodging        | 3 |  3.0
Armour         | 3 4 5 7 9 10 12 13 14 16 18 20 21 22 23 24 25 26 | 26.4
Throwing       | 1 |  1.5
Slings         | 1 3 4 5 6 7 8 10 12 13 | 13.9
Shields        | 1 4 6 8 10 12 13 16 18 19 21 23 24 | 24.6
Maces & Flails | 3 4 |  4.2
Evocations     | 4 |  4.6

Action                   |  1- 3 |  4- 6 |  7- 9 | 10-12 | 13-15 | 16-18 | 19-21 | 22-24 | 25-27 || total
-------------------------+-------+-------+-------+-------+-------+-------+-------+-------+-------++-------
Melee: Hand axe          |   106 |   101 |   262 |       |       |       |       |       |       ||   469
       Headbutt          |    10 |    19 |    70 |    83 |   163 |   294 |   299 |   151 |    38 ||  1127
       Punch             |       |       |     1 |       |       |       |       |       |       ||     1
       War axe           |       |       |    71 |   224 |    22 |     3 |       |       |       ||   320
       Broad axe         |       |       |       |   188 |   757 |  1155 |  1050 |   463 |   141 ||  3754
       Flail             |       |       |       |    27 |     7 |       |       |       |       ||    34
 Fire: Hunting sling     |       |     1 |    26 |    36 |   101 |    87 |       |       |       ||   251
       Fustibalus        |       |       |       |       |       |    17 |   190 |   206 |    34 ||   447
Throw: Boomerang         |     3 |       |       |       |       |       |       |       |       ||     3
       Dart              |       |     2 |       |     2 |       |     2 |       |       |       ||     6
Invok: Berserk           |       |     2 |     3 |     6 |     6 |     3 |     1 |     1 |     1 ||    23
       Brothers in Arms  |       |       |       |     1 |     1 |     5 |     3 |       |     2 ||    12
       Trog's Hand       |       |       |       |       |       |     1 |     1 |       |       ||     2
Evoke: Wand              |       |       |       |       |     1 |       |     5 |     3 |     3 ||    12
  Use: Scroll            |       |       |       |     2 |    29 |     2 |     2 |    12 |     7 ||    54
       Potion            |       |       |       |       |       |       |       |     1 |    12 ||    13
 Stab: Paralysed         |       |       |     2 |       |       |       |       |       |       ||     2
       Invisible         |       |       |     1 |       |       |       |       |       |       ||     1
       Distracted        |       |       |       |       |       |     1 |     1 |       |     1 ||     3
Armor: Animal skin       |    25 |     3 |       |       |       |       |       |       |       ||    28
       Plate armour      |       |    28 |   160 |   265 |   315 |   608 |   496 |   262 |    58 ||  2192
       Ring mail         |       |     7 |       |       |       |       |       |       |       ||     7
Dodge: Dodged            |    62 |    35 |    90 |   113 |   168 |   334 |   252 |   145 |    22 ||  1221
Block: Buckler           |       |       |    17 |       |       |       |       |       |       ||    17
       Kite shield       |       |       |       |   238 |   453 |   922 |   684 |   280 |   103 ||  2680

Table legend: (Time is in decaauts)
 A = Elapsed time spent in this place.
 B = Non-inter-level travel time spent in this place.
 C = Inter-level travel time spent in this place.
 D = Time resting spent in this place.
 E = Time spent auto-exploring this place.
 F = Levels seen in this place.
 G = Mean time per level.
                   A        B        C        D        E       F      G
               +--------+--------+--------+--------+--------+-----+--------+
         Total |  70868 |  66589 |   4279 |  21708 |  23584 |  51 | 1389.6 |
       Dungeon |  21225 |  19119 |   2106 |   5929 |   8949 |  15 | 1415.0 |
          Lair |   8545 |   7797 |    748 |   2024 |   4081 |   6 | 1424.2 |
        Shoals |   4808 |   4638 |    170 |   1420 |    896 |   4 | 1202.0 |
   Spider Nest |   5519 |   5234 |    285 |   1307 |   1860 |   4 | 1379.8 |
  Orcish Mines |   2413 |   2264 |    149 |    756 |    759 |   2 | 1206.5 |
        Vaults |   6525 |   6215 |    310 |   1176 |   2759 |   4 | 1631.2 |
        Depths |   6650 |   6492 |    158 |   2150 |   2265 |   4 | 1662.5 |
           Zot |  13173 |  12823 |    350 |   6503 |   1784 |   5 | 2634.6 |
         Abyss |   1214 |   1214 |      0 |    304 |      0 |   6 |  202.3 |
      Gauntlet |    792 |    792 |      0 |    136 |    230 |   1 |  792.0 |
               +--------+--------+--------+--------+--------+-----+--------+

Top non-repeatable levels by time:
   Zot:5: 4652 daAuts
    D:11: 2760 daAuts
     D:7: 2677 daAuts
   Zot:3: 2669 daAuts
   Zot:1: 2602 daAuts
Depths:4: 2225 daAuts
Vaults:1: 1943 daAuts
Vaults:3: 1943 daAuts
     D:5: 1877 daAuts
Spider:4: 1783 daAuts
  Lair:4: 1772 daAuts
   Zot:2: 1757 daAuts
     D:4: 1703 daAuts
  Lair:6: 1630 daAuts
     D:6: 1623 daAuts
